 Dungeon Crawl Stone Soup version 0.28.0 (webtiles) character file.

Game seed: 13736011836140346686

50 Akaron the Grasshopper (level 3, 0/25 HPs)
             Began as an Octopode Warper on Feb 13, 2022.
             Succumbed to an adder's poison
             ... on level 2 of the Dungeon.
             The game lasted 00:02:51 (1508 turns).

Akaron the Grasshopper (Octopode Warper)            Turns: 1508, Time: 00:02:51

Health: 0/25       AC:  1    Str:  9 (10) XL:     3   Next: 79%
Magic:  4/6        EV: 13    Int: 13 (15) God:
Gold:   76         SH:  0    Dex: 11 (13) Spells: 1/6 levels left

rFire   . . .      SeeInvis .   d - +0 dagger
rCold   . . .      Faith    .   (no shield)
rNeg    . . .      Spirit   .   (helmet restricted)
rPois   .          Reflect  .   (no amulet)
rElec   .          Harm     .   (no ring)
rCorr   .          Rampage  .   (no ring)
Will    .....                   (no ring)
Stlth   ++........              (no ring)
HPRegen 0.08/turn               (no ring)
MPRegen 0.10/turn               (no ring)
                                (no ring)
                                (no ring)

@: lethally poisoned (0 -> -3), on blink cooldown
A: almost no armour, amphibious, 8 rings, camouflage 1, gelatinous body 1,
(nimble swimmer 1), tentacles
a: no special abilities


You were on level 2 of the Dungeon.
You visited 1 branch of the dungeon, and saw 2 of its levels.

You collected 76 gold pieces.

Inventory:

Hand Weapons
 a - a +0 short sword
 d - a +0 dagger (weapon)
Missiles
 c - 5 boomerangs of dispersal (quivered)
Scrolls
 b - a scroll of blinking
 e - a scroll of noise {unknown}
 g - a scroll of teleportation {unknown}


   Skills:
 + Level 2.6 Fighting
 + Level 2.6 Short Blades
 - Level 1.0 Throwing
 + Level 2.6 Dodging
 + Level 1.0 Stealth
 + Level 2.3 Spellcasting
 + Level 3.2 Translocations


You had one spell level left.
You knew the following spells:

 Your Spells              Type           Power      Damage    Failure   Level
a - Blink                 Tloc           18%        N/A       10%         2
b - Teleport Other        Tloc           9%         N/A       21%         3

Your spell library contained the following spells:

 Spells                   Type           Power      Damage    Failure   Level
 Beastly Appendage        Tmut           2%         N/A       26%         1
 Gell's Gravitas          Tloc           9%         N/A       21%         3
 Lesser Beckoning         Tloc           9%         N/A       21%         3
 Corpse Rot               Necr/Air       2%         N/A       36%         2
 Poisonous Vapours        Pois/Air       2%         N/A       36%         2
 Wereblood                Tmut           1%         N/A       36%         2
 Spider Form              Tmut/Pois      1%         N/A       58%         3
 Manifold Assault         Tloc           9%         N/A       88%         5


Dungeon Overview and Level Annotations

Branches:
Dungeon (2/15)

Altars:


Innate Abilities, Weirdness & Mutations

You cannot wear most types of armour.
You are amphibious.
You can wear up to eight rings at the same time.
Your skin changes colour to match your surroundings (Stealth+).
Your rubbery body absorbs attacks. (AC +1, EV +1)
((You are camouflaged when in or above water. (Stealth+)))
You have tentacles for arms and can constrict up to eight enemies at once.


Message History

The adder bites you.
You are poisoned.
The adder poisons you!
You barely miss the adder. Your grab misses the adder.
The adder is almost dead.
You feel sick. The giant cockroach bites you. The adder closely misses you.
You closely miss the adder. You grab the adder.
The adder is almost dead.
You constrict the adder.
You kill the adder!
You feel sick. The giant cockroach misses you.
Your Stealth skill increases to level 1!
You hit the adder. Your grab misses the adder.
The adder is moderately wounded.
You feel sick. The adder bites you. The giant cockroach bites you.
You hit the adder. Your grab misses the adder.
The adder is heavily wounded.
You feel sick. The adder closely misses you.
The giant cockroach closely misses you.
You barely miss the adder. Your grab misses the adder.
The adder is heavily wounded.
You feel sick. The adder misses you. The giant cockroach closely misses you.
The adder barely misses you.
You closely miss the adder. Your grab misses the adder.
The adder is heavily wounded.
You feel sick. The giant cockroach bites you. The rat closely misses you.
The adder bites you.
* * * LOW HITPOINT WARNING * * *
You are lethally poisoned!
The adder poisons you!
Cast which spell? (? or * to list)
You blink.
* * * LOW HITPOINT WARNING * * *
You feel sick.
It was a potion of degeneration.
There was something very wrong with that liquid.
You feel weakened.
You feel dopey.
You feel clumsy.
* * * LOW HITPOINT WARNING * * *
You feel sick.
You die...

# #.# #####.### ##
#........ ..#
#.#.....###.####
#..............#
###.####...B.....#.....
.......@..S......#.##<#
###..###...r.....#.##.#
# #........#...#.##
#......ยง##.).....
.......###...#.##
.#.##### #####.## .#.#
#... #. .# #.## #.#


You could see an adder, a giant cockroach and a rat.

Vanquished Creatures
  An adder (D:2)
  2 worms (D:1)
  A dart slug (D:2)
  5 endoplasms
  5 goblins
  3 hobgoblins
  A quokka (D:1)
  A ball python (D:1)
  4 bats
  4 frilled lizards (D:1)
  A kobold (D:1)
  5 rats (D:1)
33 creatures vanquished.

Notes
Turn   | Place    | Note
-------+----------+-------------------------------------------
     0 | D:1      | Akaron the Octopode Warper began the quest for the Orb.
     0 | D:1      | Reached XP level 1. HP: 14/14 MP: 3/3
   127 | D:1      | Reached XP level 2. HP: 9/19 MP: 5/5
   130 | D:1      | Learned a level 2 spell: Blink
   792 | D:1      | Reached XP level 3. HP: 25/25 MP: 6/6
   796 | D:1      | Learned a level 3 spell: Teleport Other
  1502 | D:2      | Reached skill level 1 in Stealth
  1507 | D:2      | HP: 1/25 [poisoned by an adder]
  1508 | D:2      | Succumbed to an adder's poison

Illustrated notes

Levels and vault maps discovered:
D:1:      kennysheep_arrival_seaside, layout_basic, minmay_misc_feat_ornament,
          minmay_misc_feat_more_columns, nicolae_wormholes
D:2:      layout_loops_ring, uniq_sigmund, uniq_terence

Skill      XL: |  1  2  3 |
---------------+----------+-----
Stealth        | 1 |  1.0
Fighting       | |  2.6
Short Blades   | |  2.6
Throwing       | |  1.0
Dodging        | |  2.6
Spellcasting   | |  2.3
Translocations | |  3.2

Action                   || total
-------------------------++-------
Melee: Short sword       ||    19
       Constrict         ||    17
       Tentacles         ||    16
       Dagger            ||    60
 Cast: Blink             ||     1
  Use: Potion            ||     1
 Stab: Sleeping          ||     4
       Distracted        ||     1
Armor: Skin              ||     6
Dodge: Dodged            ||    42
